 Dungeon Crawl Stone Soup version 0.28.0-43-g3370ac3207 (webtiles) character file.

Game seed: 14598794881681533936

58 weregamer the Scratcher (level 3, -5/15 HPs)
             Began as a Felid Transmuter on Mar 30, 2022.
             Was an Initiate of Ashenzari.
             Slain by a gnoll
             ... wielding a +0 flail
              (12 damage)
             ... on level 3 of the Dungeon.
             The game lasted 00:08:32 (1531 turns).

weregamer the Scratcher (Felid Transmuter)          Turns: 1531, Time: 00:08:32

Health: -5/15      AC:  1    Str:  6    XL:     3   Next: 76%
Magic:  4/7        EV: 21    Int: 16    God:    Ashenzari [......]
Gold:   81         SH:  5    Dex: 16    Spells: 3/6 levels left
                                        Lives:  0   Deaths: 0

rFire   . . .      SeeInvis +     - Unarmed
rCold   . . .      Faith    .   (shield unavailable)
rNeg    . . .      Spirit   .   (armour unavailable)
rPois   +          Reflect  +   (helmet unavailable)
rElec   .          Harm     .   (cloak unavailable)
rCorr   .          Rampage  .   (gloves unavailable)
Will    .....                   (boots unavailable)
Stlth   ++........              b - amulet of reflection
HPRegen 0.05/turn               a - +4 ring of evasion
MPRegen 0.10/turn               e - ring of poison resistance

@: appendages, wereblooded, quick
A: horns 2, very small, claws 1, fangs 3, see invisible, speed 1, shaggy fur 1,
stealthy paws, no weapons or thrown items, no armour, multi-lived
a: End Transformation, Renounce Religion, Curse Item


You were on level 3 of the Dungeon.
You worshipped Ashenzari.
Ashenzari was noncommittal.
You had temporarily grown beastly horns.
You visited 1 branch of the dungeon, and saw 3 of its levels.

You collected 81 gold pieces.

Inventory:

Jewellery
 a - a +4 ring of evasion (left paw)
 b - an amulet of reflection (around neck)
 c - a ring of fire
 e - a ring of poison resistance (right paw)
 h - an amulet of reflection
Scrolls
 g - a scroll of magic mapping {unknown}
Potions
 d - a potion of curing {unknown}
 f - a potion of brilliance {unknown}


   Skills:
 + Level 1.1 Fighting
 * Level 3.0 Dodging
 * Level 2.4 Stealth
 + Level 3.5 Unarmed Combat
 - Level 2.2 Spellcasting
 * Level 2.8 Transmutations


You had 3 spell levels left.
You knew the following spells:

 Your Spells              Type           Power      Damage    Failure   Level
a - Beastly Appendage     Tmut           20%        N/A       6%          1
b - Wereblood             Tmut           10%        N/A       10%         2

Your spell library contained the following spells:

 Spells                   Type           Power      Damage    Failure   Level
 Freeze                   Ice            4%         1d3       21%         1
 Spider Form              Tmut/Pois      6%         N/A       34%         3
 Frozen Ramparts          Ice            2%         1d2       52%         3
 Ice Form                 Ice/Tmut       6%         N/A       75%         4
 Hailstorm                Conj/Ice       1%         3d3       90%         4


Dungeon Overview and Level Annotations

Branches:
Dungeon (3/15)

Altars:
Ashenzari


Innate Abilities, Weirdness & Mutations

You have temporarily grown beastly horns.
You have sharp claws.
You have razor-sharp teeth.
You have supernaturally acute eyesight. (SInv)
You cover ground quickly. (Speed+)
You are covered in fur. (AC +1)
Your paws help you pounce on unaware monsters.
You are incapable of wielding weapons or throwing items.
You cannot wear armour.
You gain extra lives every three experience levels.


Message History

You see here a +0 ring mail.
Done exploring.
Done exploring.
Done exploring.
There is a stone staircase leading down here.
You climb downwards.
There is a stone staircase leading up here.
You open the door.
There is an open door here.
An ice beast is nearby!
You open the door.
There is an open door here.
A gnoll comes into view. It is wielding a +0 flail.
The gnoll shouts!
You hear a shout!
A gnoll comes into view. It is wielding a +0 whip.
You hear a shout!
The gnoll shouts!
Casting: Beastly Appendage (safe; 6% risk of failure)
Confirm with . or Enter, or press ? or * to list all spells.
You grow a pair of large bovine horns.
You hear a shout!
A gnoll comes into view. It is wielding a +0 spear.
Casting: Beastly Appendage (safe; 6% risk of failure)
Confirm with . or Enter, or press ? or * to list all spells.
Your blood is infused with primal strength.
You barely miss the gnoll. You claw the gnoll, but do no damage.
The gnoll completely misses you.
A gnoll comes into view. It is wielding a +0 spear.
You scratch the gnoll.
The gnoll is lightly wounded.
The gnoll barely misses you. The gnoll completely misses you. x2
A gnoll comes into view. It is wielding a +0 spear.
The gnoll shouts!
You scratch the gnoll. Your headbutt misses the gnoll.
The gnoll is moderately wounded.
You hear a shout!
The gnoll hits you with a +0 whip!
Ouch! That really hurt!
The gnoll hits you with a +0 flail!
Ouch! That really hurt!
You die...

#....# #.# # #..Y.+
#.#.# #
#....###'#.#.#
#....##......#
#.#+###......#
#.#.###......#
#####.#......#......
......g...........#.
......g@Y...........
.....g#####..#....#.
###.. #..#....# #g
##.#....# # .# ...#
.#


You could see an ice beast and 4 gnolls.

Vanquished Creatures
  Jessica (D:2)
  3 bats
  3 endoplasms
  A goblin (D:2)
  2 hobgoblins (D:1)
  3 jackals (D:1)
  3 quokkas
  2 ball pythons
  9 frilled lizards
  2 kobolds
  2 rats (D:1)
31 creatures vanquished.

Notes
Turn   | Place    | Note
-------+----------+-------------------------------------------
     0 | D:1      | weregamer the Felid Transmuter began the quest for the Orb.
     0 | D:1      | Reached XP level 1. HP: 9/9 MP: 4/4
   294 | D:1      | Reached XP level 2. HP: 9/12 MP: 4/6
   296 | D:1      | Reached skill level 1 in Stealth
   305 | D:1      | Learned a level 2 spell: Wereblood
   488 | D:1      | Found a faded altar of an unknown god.
   491 | D:1      | Prayed at the altar of an unknown god.
   491 | D:1      | Became a worshipper of Ashenzari the Shackled
   925 | D:2      | Noticed Jessica
   930 | D:2      | Killed Jessica
   931 | D:2      | Reached XP level 3. HP: 15/15 MP: 5/7
  1507 | D:3      | Noticed an ice beast
  1531 | D:3      | Slain by a gnoll

Illustrated notes

Levels and vault maps discovered:
D:1:      lightli_arrival_flooded_house, layout_loops_ring,
          shapermc_ecumenical_altar_mp_vishouse, minmay_misc_feat_nine_boxes
D:2:      layout_rooms, roderic_st_hans_cross, minmay_lizard_pond, uniq_jessica
D:3:      minmay_skewed_foursquare, layout_basic, lightli_corner_chamber

Skill      XL: |  1  2  3 |
---------------+----------+-----
Stealth        | 2 |  2.4
Dodging        | 3 |  3.0
Fighting       | |  1.1
Unarmed Combat | |  3.5
Spellcasting   | |  2.2
Transmutations | |  2.8

Action                   || total
-------------------------++-------
Melee: Unarmed           ||    69
       Bite              ||     6
       Headbutt          ||     4
       Punch             ||     1
 Cast: Beastly Appendage ||    23
       Wereblood         ||     8
  Use: Scroll            ||     1
 Stab: Sleeping          ||     4
Armor: Skin              ||     1
Dodge: Dodged            ||    46
Block: Other             ||     4
